 Dungeon Crawl Stone Soup version 0.27-a0-1196-g3e9cee4cb2 (webtiles) character file.

Game seed: 4885891437794219392

8136 Mesmaeker13 the Summoner (level 11, -3/54 HPs)
             Began as a Tengu Summoner on May 28, 2021.
             Was an Elder of Sif Muna.
             Slain by a blink frog (6 damage)
             ... on level 3 of the Lair of Beasts.
             The game lasted 00:33:12 (17476 turns).

Mesmaeker13 the Summoner (Tengu Summoner)          Turns: 17476, Time: 00:33:13

Health: -3/54      AC:  9    Str:  9    XL:     11   Next: 26%
Magic:  14/30      EV: 17    Int: 19    God:    Sif Muna [****..]
Gold:   354        SH:  0    Dex: 14    Spells: 9/22 levels left

rFire    . . .     SeeInvis .   o - +2 spear (flame)
rCold    . . .     Faith    .   (no shield)
rNeg     . . .     Spirit   .   t - +3 leather armour {rPois}
rPois    +         Reflect  .   (helmet restricted)
rElec    .         Harm     .   u - +0 cloak
rCorr    .         Rampage  .   r - +0 pair of gloves
Will     +....                  (boots unavailable)
Stlth    ++........             (no amulet)
HPRegen  0.18/turn              c - ring of willpower
MPRegen  0.22/turn              F - ring of magical power

@: flying quickly and evasively, quick
A: beak, talons 3, nimble flight
a: Renounce Religion, Channel Magic, Forget Spell, Divine Exegesis


You were on level 3 of the Lair of Beasts.
You worshipped Sif Muna.
Sif Muna was greatly pleased with you.
You visited 2 branches of the dungeon, and saw 13 of its levels.

You collected 585 gold pieces.
You spent 231 gold pieces at shops.

Inventory:

Hand Weapons
 l - the +7 long sword of the Priest {holy, *Noise Fly Str+3 SInv}
   (You found it on level 6 of the Dungeon)

   It has been blessed by the Shining One to cause great damage to the undead
   and demons.
   It affects your strength (+3).
   It lets you see invisible.
   It grants you flight.
   It may make noises in combat.
 o - a +2 spear of flaming (weapon)
Missiles
 d - 6 javelins (quivered)
 x - 2 boomerangs of dispersal
 B - 4 curare-tipped darts
 K - a throwing net
 M - 3 atropa-tipped darts
Armour
 f - a +0 kite shield
 r - a +0 pair of gloves (worn)
 t - a +3 leather armour of poison resistance (worn)
 u - a +0 cloak (worn)
Jewellery
 a - a ring of see invisible
 c - a ring of willpower (left hand)
 F - a ring of magical power (right hand)
 G - a ring of magical power
Wands
 m - a wand of iceblast (9)
 q - a wand of digging (4)
 w - a wand of flame (55)
 E - a wand of charming (9)
Scrolls
 g - a scroll of vulnerability
 i - 4 scrolls of fog
 k - 5 scrolls of enchant weapon
 n - 3 scrolls of magic mapping
 s - a scroll of immolation
 v - 2 scrolls of silence
 y - 2 scrolls of enchant armour
 z - 2 scrolls of teleportation
 C - 4 scrolls of blinking
Potions
 b - 3 potions of curing
 e - 2 potions of mutation
 h - 2 potions of brilliance
 j - 3 potions of haste
 p - a potion of resistance
 A - a potion of flight {unknown}
 D - a potion of lignification {unknown}
 I - a potion of heal wounds
 N - a potion of ambrosia {unknown}
 O - a potion of invisibility {unknown}


   Skills:
 - Level 6.3 Armour
 - Level 7.1 Dodging
 - Level 2.0 Stealth
 + Level 2.1 Shields
 - Level 6.3 Spellcasting
 + Level 11.2 Summonings
 + Level 4.9 Ice Magic
 - Level 10.0 Air Magic
 + Level 1.8 Invocations


You had 9 spell levels left.
You knew the following spells:

 Your Spells              Type           Power      Damage    Failure   Level
b - Call Imp              Summ           48%        N/A       1%          2
c - Call Canine Familiar  Summ           48%        N/A       1%          3
d - Summon Lightning Spi  Summ/Air       46%        N/A       1%          4
e - Summon Ice Beast      Ice/Summ       36%        N/A       4%          4

Your spell library contained the following spells:

 Spells                   Type           Power      Damage    Failure   Level
 Freeze                   Ice            96%        1d11      1%          1
 Summon Small Mammal      Summ           100%       N/A       1%          1
 Summon Guardian Golem    Hex/Summ       27%        N/A       4%          3
 Frozen Ramparts          Ice            48%        1d6       5%          3
 Ozocubu's Armour         Ice            24%        N/A       5%          3
 Beastly Appendage        Tmut           12%        N/A       14%         1
 Sandblast                Erth           12%        2d6       14%         1
 Wereblood                Tmut           6%         N/A       22%         2
 Spider Form              Tmut/Pois      3%         N/A       38%         3
 Hailstorm                Conj/Ice       15%        3d5       45%         4
 Ice Form                 Ice/Tmut       15%        N/A       45%         4
 Metabolic Englaciation   Hex/Ice        7%         N/A       82%         5
 Hydra Form               Tmut           3%         N/A       98%         5
 Lee's Rapid Deconstruct  Erth           3%         3d6*      98%         5
 Iron Shot                Conj/Erth      3%         9d2       100%        6
 Ignition                 Fire           3%         3d4       100%        8


Dungeon Overview and Level Annotations

Branches:
Dungeon (9/15)             Temple (0/1) D:6            Lair (4/6) D:8
 Shoals (0/4) Lair:3
  Snake: Lair:2-4    Spider: Lair:2-4       Orc: D:9-12

Altars:
Gozag
Makhleb
Nemelex Xobeh
Okawaru
Qazlal
Sif Muna
Uskayaw
Wu Jian
Yredelemnul

Shops:
D:3 *   D:4 *[

Annotations:
D:9 2 transporters, Gruesome's ghost, journeyman OpEE; Harold
Lair:3 Rupert


Innate Abilities, Weirdness & Mutations

You have a beak for a mouth.
You have claws for feet.
Your magical nature lets you fly swiftly and evasively.


Message History

Your lightning spire is destroyed!
The blink frog misses you.
The blink frog hits you but does no damage.
The blink frog hits something.
The blink frog blinks!
You fly upwards.
Level annotation: Rupert
There is a stone staircase leading down here.
The blink frog hits you. The blink frog completely misses you.
The blink frog hits you.
The blink frog blinks!
Casting: Summon Ice Beast (dangerous; 4% risk of failure)
Confirm with . or Enter, or press ? or * to list all spells.
An electric hum fills the air.
The blink frog misses you.
Casting: Summon Lightning Spire (dangerous; 1% risk of failure)
Confirm with . or Enter, or press ? or * to list all spells.
A chill wind blows around you. The blink frog completely misses you.
The blink frog hits you!
Unknown command.
Casting: Summon Ice Beast (dangerous; 4% risk of failure)
Confirm with . or Enter, or press ? or * to list all spells.
A chill wind blows around you. The blink frog hits you.
* * * LOW HITPOINT WARNING * * *
The blink frog blinks!
Unknown command.
The blink frog blinks!
The blink frog blinks!
Your magical contamination has completely faded away.
The blink frog closely misses you.
You hit the blink frog. You burn the blink frog.
The blink frog is lightly wounded.
The blink frog barely misses you.
You hit the blink frog but do no damage.
The blink frog is lightly wounded.
The blink frog hits you!
* * * LOW HITPOINT WARNING * * *
The blink frog blinks!
Your ice beast closely misses the blink frog.
Unknown command.
You swap places.
The blink frog hits you.
You die...

...#### ...####..#
..## #..#.....## .##
.#F.......# ##
#.(......## P#
#......>..# ##
.#....8..## #
#.#P#....# # #
##.Y## ###@# #.FY#
##..# #.## # ##.# #
## ####..#.## P#
#### ##P#...P..#
#####..###.........#
..##.........#....##


You could see 2 blink frogs, 2 friendly ice beasts and a friendly lightning
spire (summoned).

Vanquished Creatures
  An elephant (Lair:3)
  A cane toad (Lair:2)
  A rime drake (Lair:4)
  A hornet (D:8)
  3 yaks (Lair:2)
  A basilisk (Lair:3)
  A water moccasin (D:7)
  A black bear (D:5)
  3 centaurs
  2 kobold brigands (D:9)
  4 bullfrogs
  A wyvern skeleton (D:7)
  A hound (D:7)
  A jelly (D:7)
  Jessica (D:2)
  4 orc wizards
  4 gnolls
  An ufetubus (D:5)
  A worm (D:3)
  2 dart slugs (D:1)
  7 orcs
  2 endoplasms
  6 giant cockroaches
  4 goblins
  4 hobgoblins
  4 kobolds
  A quokka (D:1)
  4 ball pythons
  2 bats
  3 frilled lizards
  4 rats
76 creatures vanquished.

Vanquished Creatures (collateral kills)
  A boulder beetle (Lair:2)
  3 hydras
  5 elephants
  A black mamba (Lair:3)
  2 cane toads
  2 rime drakes (Lair:3)
  3 komodo dragons
  A hornet (D:8)
  A snapping turtle (Lair:3)
  A wyvern (D:8)
  A basilisk (Lair:1)
  5 yaks (Lair:2)
  A steam dragon (Lair:3)
  Menkaure (D:7)
  An acid dragon (D:8)
  4 water moccasins
  2 orc warriors
  A necrophage (D:4)
  3 sky beasts
  2 black bears
  3 ogres
  5 wolves (Lair:2)
  2 phantoms
  4 bullfrogs
  A nameless horror (Lair:3)
  A gnoll sergeant (D:5)
  A scorpion (D:7)
  2 water moccasin skeletons (D:7)
  2 centaur zombies
  A bullfrog skeleton (D:5)
  3 orc priests
  5 jellies
  2 gnoll shamans
  A hound (D:6)
  2 iguanas
  3 orc wizards
  2 killer bee zombies
  2 howler monkey zombies (D:9)
  20 gnolls
  5 adders
  A shadow imp (D:7)
  A white imp (D:6)
  A worm (D:1)
  A dart slug (D:2)
  15 orcs
  2 ball pythons
  An endoplasm (D:2)
  4 goblins
  2 hobgoblins (D:2)
  4 jackals (D:3)
  3 kobolds (D:9)
  2 quokkas
145 creatures vanquished.

Vanquished Creatures (others)
  4 kobolds (D:9)
  13 fungi
  31 plants
48 creatures vanquished.

Grand Total: 269 creatures vanquished

Notes
Turn   | Place    | Note
-------+----------+-------------------------------------------
     0 | D:1      | Mesmaeker13 the Tengu Summoner began the quest for the Orb.
     0 | D:1      | Reached XP level 1. HP: 10/10 MP: 4/4
   704 | D:1      | Reached skill level 5 in Summonings
   704 | D:1      | Reached XP level 2. HP: 15/15 MP: 6/6
  1475 | D:2      | Noticed Jessica
  1505 | D:1      | Learned a level 2 spell: Call Imp
  1611 | D:1      | Reached XP level 3. HP: 19/19 MP: 7/7
  1815 | D:2      | Killed Jessica
  1859 | D:2      | Reached XP level 4. HP: 11/24 MP: 4/9
  2072 | D:2      | Found a faded altar of an unknown god.
  2082 | D:2      | Learned a level 3 spell: Call Canine Familiar
  2533 | D:2      | Found a shimmering blue altar of Sif Muna.
  2542 | D:2      | Became a worshipper of Sif Muna the Loreminder
  3114 | D:3      | Found Rilen's Assorted Antiques.
  3712 | D:4      | Noticed a necrophage
  3834 | D:4      | Gained mutation: Your magical nature lets you fly swiftly
                  | and evasively. [Tengu growth]
  3834 | D:4      | Reached XP level 5. HP: 22/28 MP: 0/10
  3924 | D:4      | Reached skill level 6 in Summonings
  3937 | D:4      | Learned a level 4 spell: Summon Lightning Spire
  3988 | D:4      | Found a sparkling altar of Nemelex Xobeh.
  4029 | D:4      | Noticed a sky beast
  4081 | D:4      | Killed a sky beast
  4082 | D:4      | Reached skill level 1 in Air Magic
  4253 | D:4      | Killed a necrophage
  4254 | D:4      | Reached XP level 6. HP: 24/32 MP: 3/12
  4337 | D:4      | Found Soiqox's Armour Boutique.
  4385 | D:4      | Found a basalt altar of Yredelemnul.
  4394 | D:4      | Found Gozag's Platinum Reserve.
  4398 | D:4      | Found an opulent altar of Gozag.
  4627 | D:5      | Entered Level 5 of the Dungeon
  4627 | D:5      | Noticed a sky beast
  4655 | D:5      | Killed a sky beast
  5179 | D:5      | Reached * piety under Sif Muna
  5572 | D:5      | Reached XP level 7. HP: 33/36 MP: 9/13
  6192 | D:5      | Reached skill level 5 in Dodging
  6713 | D:5      | Reached skill level 7 in Summonings
  7389 | D:6      | Identified the +7 long sword of the Priest {holy, *Noise
                  | Fly Str+3 SInv}
  7452 | D:6      | Found a staircase to the Ecumenical Temple.
  7660 | D:6      | Reached XP level 8. HP: 18/41 MP: 8/16
  7880 | D:6      | Reached ** piety under Sif Muna
  8022 | D:6      | Found a hide-covered altar of Uskayaw.
  8728 | D:4      | Bought a +3 leather armour of poison resistance for 231
                  | gold pieces
  9184 | D:3      | Found a stormy altar of Qazlal.
  9332 | D:7      | Reached skill level 5 in Spellcasting
  9332 | D:7      | Reached skill level 5 in Air Magic
  9541 | D:7      | Found an iron altar of Okawaru.
  9585 | D:7      | Reached skill level 8 in Summonings
  9930 | D:7      | Noticed a manticore
  9975 | D:7      | Noticed Menkaure
  9980 | D:7      | Killed Menkaure
  9981 | D:7      | Reached XP level 9. HP: 25/45 MP: 13/18
 10148 | D:7      | Found a burning altar of Makhleb.
 10700 | D:8      | Learned a level 4 spell: Summon Ice Beast
 10743 | D:8      | Noticed a hornet
 10757 | D:8      | Killed a hornet
 10949 | D:8      | Noticed a hornet
 10964 | D:8      | Killed a hornet
 11434 | D:8      | Found a staircase to the Lair.
 11447 | D:8      | Reached *** piety under Sif Muna
 11926 | D:8      | You are sucked into a shaft and drop 1 floor!
 12036 | D:9      | Reached skill level 1 in Armour
 12036 | D:9      | Reached skill level 9 in Summonings
 12484 | D:9      | Found an ornate altar of the Wu Jian Council.
 12861 | D:9      | Found a transporter.
 12892 | D:9      | Found a transporter.
 12892 | D:9      | Noticed Gruesome's ghost (journeyman OpEE)
 12919 | D:9      | Noticed Harold
 12941 | D:8      | Noticed a komodo dragon
 12959 | D:8      | Killed a komodo dragon
 13582 | Lair:1   | Entered Level 1 of the Lair of Beasts
 14214 | Lair:1   | Noticed an eight-headed hydra
 14251 | Lair:1   | Killed an eight-headed hydra
 14252 | Lair:1   | Reached skill level 1 in Ice Magic
 14366 | Lair:1   | Noticed a cane toad
 14373 | Lair:1   | Killed a cane toad
 14374 | Lair:1   | Reached XP level 10. HP: 50/50 MP: 20/20
 14561 | Lair:2   | Noticed an eight-headed hydra
 14612 | Lair:2   | Killed an eight-headed hydra
 14613 | Lair:2   | Reached skill level 10 in Summonings
 14731 | Lair:2   | Noticed a five-headed hydra
 14744 | Lair:2   | Killed a five-headed hydra
 15031 | Lair:2   | Noticed a cane toad
 15040 | Lair:2   | Killed a cane toad
 15142 | Lair:2   | Noticed a cane toad
 15160 | Lair:2   | Killed a cane toad
 15160 | Lair:2   | Reached **** piety under Sif Muna
 15161 | Lair:2   | Reached skill level 5 in Armour
 15384 | Lair:2   | Noticed a boulder beetle
 15441 | Lair:2   | Killed a boulder beetle
 15945 | Lair:3   | Identified the Tome of Ashen Fire
 15984 | Lair:3   | Reached skill level 10 in Air Magic
 15984 | Lair:3   | Reached XP level 11. HP: 35/54 MP: 21/21
 16361 | Lair:3   | Reached skill level 11 in Summonings
 16588 | Lair:3   | Reached skill level 1 in Shields
 16588 | Lair:3   | Reached skill level 1 in Invocations
 16902 | Lair:3   | Noticed Rupert
 16929 | Lair:3   | Found a staircase to the Shoals.
 17385 | Lair:4   | Noticed a four-headed hydra
 17476 | Lair:3   | Slain by a blink frog

Illustrated notes

Levels and vault maps discovered:
D:1:      matt_arrival_los_fun, layout_loops_ring
D:2:      layout_basic, basic_altar, hellmonk_ecumenical_altar_crossroads,
          serial_bayou_crossing, uniq_jessica
D:3:      layout_loops_ring, lemuel_doored_altar, serial_shops, shop
D:4:      layout_cave_pools, nicolae_overflow_hidden_temple,
          nicolae_gozag_zags_fifth_avenue, lemuel_crystal_altar, serial_shops,
          shop, minivault_26
D:5:      layout_rooms, kennysheep_cross_room
D:6:      layout_cave_pools, nicolae_uskayaw_suspiria,
          minmay_temple_entry_junction
D:7:      layout_gridville, makhleb_heckhound_becter, okawaru_ov_weapons_minmay,
          minmay_fractal_squares_5, uniq_menkaure
D:8:      layout_basic, david_lair_shrubbed, chequers_serial_rivers_micro_d,
          minivault_19
D:9:      minmay_clustersquares, layout_cave_pools, nzn_wu_jian_council_hall,
          serial_glass, glass_columns_a, glass_columns_c,
          gammafunk_ghost_mausoleum, uniq_harold
Lair:1:   layout_cave_pods
Lair:2:   layout_cave_shapes
Lair:3:   layout_cave_pods, minmay_shoals_entry_hut, uniq_rupert
Lair:4:   layout_misc_corridors, nicolae_spider_entry_non_spiders,
          grunt_megastairs_2, infiniplex_staircase_pool

Skill      XL: |  1  2  3  4  5  6  7  8  9 10 11 |
---------------+----------------------------------+-----
Summonings     | 5 6 7 8 9 10 11 | 11.2
Dodging        | 3 4 5 6 7 |  7.1
Spellcasting   | 3 4 5 6 |  6.3
Air Magic      | 1 2 4 6 8 10 | 10.0
Armour         | 3 5 6 |  6.3
Ice Magic      | 1 4 |  4.9
Shields        | 2 |  2.1
Invocations    | 1 |  1.8
Stealth        | |  2.0

Action                   |  1- 3 |  4- 6 |  7- 9 | 10-12 || total
-------------------------+-------+-------+-------+-------++-------
Melee: Mace              |    46 |       |       |       ||    46
       Kick              |     7 |    16 |    29 |    16 ||    68
       Peck              |     5 |    10 |    18 |    11 ||    44
       Unarmed           |     1 |       |       |       ||     1
       Dagger            |       |    59 |       |       ||    59
       Spear             |       |     6 |   211 |   109 ||   326
Throw: Javelin           |       |     1 |     1 |       ||     2
 Cast: Summon Small Mamm |    14 |     2 |     2 |       ||    18
       Call Imp          |     8 |    38 |    36 |     1 ||    83
       Call Canine Famil |       |    25 |    45 |    12 ||    82
       Summon Lightning  |       |       |    39 |    28 ||    67
       Summon Ice Beast  |       |       |       |    35 ||    35
Evoke: Wand              |       |       |     2 |     3 ||     5
  Use: Scroll            |       |     6 |     6 |     5 ||    17
       Potion            |       |       |     3 |     1 ||     4
 Stab: Sleeping          |     5 |     3 |     2 |     1 ||    11
       Distracted        |       |       |     4 |     4 ||     8
Armor: Robe              |    14 |     8 |     1 |       ||    23
       Leather armour    |       |       |    30 |    26 ||    56
Dodge: Dodged            |    45 |    44 |   152 |    90 ||   331

Table legend: (Time is in decaauts)
 A = Elapsed time spent in this place.
 B = Non-inter-level travel time spent in this place.
 C = Inter-level travel time spent in this place.
 D = Time resting spent in this place.
 E = Time spent auto-exploring this place.
 F = Levels seen in this place.
 G = Mean time per level.
                   A        B        C        D        E       F      G
               +--------+--------+--------+--------+--------+-----+--------+
         Total |  16946 |  16156 |    790 |   5753 |   7060 |  13 | 1303.5 |
       Dungeon |  13245 |  12565 |    680 |   4960 |   4934 |   9 | 1471.7 |
          Lair |   3701 |   3592 |    109 |    793 |   2126 |   4 |  925.2 |
               +--------+--------+--------+--------+--------+-----+--------+

Top non-repeatable levels by time:
     D:5: 2276 daAuts
     D:8: 1840 daAuts
     D:1: 1720 daAuts
     D:2: 1624 daAuts
     D:7: 1574 daAuts
     D:3: 1529 daAuts
  Lair:3: 1386 daAuts
  Lair:2: 1210 daAuts
  Lair:1: 1014 daAuts
     D:4: 996 daAuts
     D:6: 938 daAuts
     D:9: 745 daAuts
  Lair:4: 89 daAuts
